 Dungeon Crawl Stone Soup version 0.30-a0-777-ga9a30cbeda (webtiles) character file.

Game seed: 14531948143864390940

122 omnomnOMINOUS the Magician (level 5, -2/34 HPs)
             Began as an Octopode Wanderer on Feb 14, 2023.
             Was a Follower of Trog.
             Slain by an orc warrior
             ... wielding a +0 hand axe
              (16 damage)
             ... on level 6 of the Dungeon.
             The game lasted 00:03:54 (1868 turns).

omnomnOMINOUS the Magician (Octopode Wanderer)      Turns: 1868, Time: 00:03:55

Health: -2/34      AC:  1    Str: 12    XL:     5   Next: 6%
Magic:  12/12      EV: 13    Int: 14    God:    Trog [*.....]
Gold:   120        SH:  0    Dex: 13    Spells: 14/14 levels left

rFire   . . .      SeeInvis .    a - +2 whip (drain)
rCold   . . .      Faith    .    (no shield)
rNeg    . . .      Spirit   .    (helmet restricted)
rPois   .          Reflect  .    (no amulet)
rElec   .          Harm     .    (no ring)
rCorr   .          Rampage  .    (no ring)
Will    ++...                    (no ring)
Stlth   ++                       (no ring)
HPRegen 1.25/turn                (no ring)
MPRegen 0.13/turn                (no ring)
                                 (no ring)
                                 (no ring)

@: strong-willed, regenerating
A: almost no armour, amphibious, 8 rings, camouflage 1, gelatinous body 1,
(nimble swimmer 1), tentacles
a: Renounce Religion, Berserk


You were on level 6 of the Dungeon.
You worshipped Trog.
Trog was aware of your devotion.
You visited 1 branch of the dungeon, and saw 4 of its levels.

You collected 120 gold pieces.

Inventory:

Hand Weapons
 a - a +2 whip of draining (weapon)
 e - a +2 short sword of protection
Missiles
 b - 7 poisoned darts (quivered)
 h - 5 atropa-tipped darts
Scrolls
 c - 2 scrolls of fog {unknown}
 f - 2 scrolls of identify {unknown}
 g - a scroll of butterflies {unknown}
 i - a scroll of enchant weapon {unknown}
 j - a scroll of teleportation {unknown}
 l - a scroll of amnesia {unknown}
Potions
 d - a potion of haste
 k - a potion of curing {unknown}
 m - a potion of flight {unknown}


   Skills:
 + Level 2.0 Fighting
 - Level 1.0(1.4) Axes
 + Level 1.6(1.8) Maces & Flails
 - Level 1.0 Throwing
 + Level 2.2 Dodging
 - Level 5.1 Spellcasting
 + Level 3.1 Evocations


You had 14 spell levels left.
You didn't know any spells.
Your spell library contained the following spells:

 Spells                   Type           Power      Damage    Failure   Level
 Shock                    Conj/Air       12%        1d3       17%         1
 Sting                    Tmut/Pois      12%        1d3       17%         1
 Summon Small Mammal      Summ           12%        N/A       17%         1
 Tukima's Dance           Hex            3%         N/A       45%         3


Dungeon Overview and Level Annotations

Branches:
Dungeon (3/15)

Altars:
Trog
Xom


Innate Abilities, Weirdness & Mutations

You cannot wear most types of armour.
You are amphibious.
You can wear up to eight rings at the same time.
Your skin changes colour to match your surroundings (Stealth+).
Your rubbery body absorbs attacks. (AC +1, EV +1)
((You are camouflaged when in or above water. (Stealth+)))
You have tentacles for arms and can constrict up to eight enemies at once.


Message History

You constrict the iguana. The iguana closely misses you.
You hit the iguana. You squeeze the iguana.
The iguana is severely wounded.
You constrict the iguana, but do no damage.
The iguana bites you!
You hit the iguana.
Your tentacle-slap misses the iguana.
The iguana is almost dead.
You constrict the iguana, but do no damage.
The iguana misses you.
You hit the iguana.
You kill the iguana!
Trog accepts your kill.
Your Fighting skill increases to level 2!
Your Evocations skill increases to level 3!
You have reached level 5!
You feel stronger.
HP restored.
An orc priest comes into view. It is wielding a +0 morningstar.
Found a falchion.
An orc warrior and an orc come into view.
Found a scroll labelled FIG UNAMEXKI GISE.
Found a stone staircase leading up.
The orc shouts!
The orc warrior shouts!
The orc warrior hits you with a +0 hand axe.
The orc priest shouts!
You barely miss the orc warrior. Your grab misses the orc warrior.
The orc warrior hits you with a +0 hand axe!
Unknown command.
The orc warrior attacks as you move away!
The orc warrior hits you with a +0 hand axe!
The orc priest looks satisfied for a moment.
Okay, then.
Unknown command.
Okay, then.
Unknown command.
Your skin crawls.
You feel strong-willed.
You can no longer call upon Trog for regeneration and willpower.
The orc warrior hits you with a +0 hand axe!
You die...

## ##^## ....
####..# #..#o.###.#
#...o.<..?#
##.#o###### ##### ..
#.@....# #...# ##
######.# #...#######
#.# ####.).......#
#.# ...####.####.#
#.#####
..........##.#
#.....#
....###.#.##.#
#####.# ....#
#.#.##.# #.# .##.#
#.#.##.###########.#


You could see an orc warrior, an orc priest and an orc.

Vanquished Creatures
  An iguana (D:6)
  4 gnolls (D:2)
  An adder (D:2)
  4 endoplasms
  3 giant cockroaches
  3 goblins
  8 hobgoblins
  3 jackals (D:1)
  3 quokkas
  A ball python (D:1)
  4 bats
  2 frilled lizards (D:2)
  8 kobolds
  4 rats
49 creatures vanquished.

Notes
Turn   | Place    | Note
-------+----------+-------------------------------------------
     0 | D:1      | omnomnOMINOUS the Octopode Wanderer began the quest for the
                  | Orb.
     0 | D:1      | omnomnOMINOUS set off with the following items: a +0 hand
                  | axe, 7 poisoned darts, a +0 dagger, a potion of haste; and
                  | the following spells available to memorise: Shock, Sting,
                  | Summon Small Mammal, Tukima's Dance.
     0 | D:1      | Reached XP level 1. HP: 11/11 MP: 6/6
    38 | D:1      | Reached XP level 2. HP: 13/18 MP: 8/8
   125 | D:1      | Reached skill level 1 in Fighting
   166 | D:1      | Found a faded altar of an unknown god.
   190 | D:1      | Prayed at the altar of an unknown god.
   190 | D:1      | Became a worshipper of Trog the Wrathful
   190 | D:1      | Reached * piety under Trog
   348 | D:1      | Reached skill level 1 in Dodging
   482 | D:1      | Reached XP level 3. HP: 23/23 MP: 9/9
   834 | D:2      | Reached skill level 1 in Maces & Flails
   939 | D:2      | Reached XP level 4. HP: 24/28 MP: 11/11
   969 | D:2      | Found a shimmering altar of Xom.
  1148 | D:2      | Reached ** piety under Trog
  1757 | D:3      | You fall into a shaft and drop 3 floors!
  1780 | D:6      | Reached XP level 5. HP: 26/34 MP: 12/12
  1863 | D:6      | Noticed an orc warrior
  1868 | D:6      | Slain by an orc warrior

Illustrated notes

Levels and vault maps discovered:
D:1:      dpeg_arrival_simpleton_c, layout_rooms, ebering_ecumenical_altar_mist,
          nicolae_concentric_dashed_squares_mild
D:2:      layout_loops_cross, basic_altar, minivault_26
D:3:      layout_basic, grunt_qazlal_sundering,
          mainiacjoe_overflow_large_starburst, uniq_ijyb
D:6:      layout_basic, cheibrodos_worm_habitat, serial_shops, kennysheep_mini,
          minivault_5

Skill      XL: |  1  2  3  4 |
---------------+-------------+-----
Fighting       | 1 2 |  2.0
Dodging        | 1 2 |  2.2
Maces & Flails | 1 |  1.6
Evocations     | 3 |  3.1
Axes           | |  1.0
Throwing       | |  1.0
Spellcasting   | |  5.1

Action                     |  1- 3 |  4- 6 || total
---------------------------+-------+-------++-------
  Melee: Whip              |    69 |    25 ||    94
         Tentacles         |     8 |     7 ||    15
         Constrict         |    18 |     7 ||    25
         Punch             |     1 |       ||     1
 Invoke: Trog's Hand       |       |     1 ||     1
   Stab: Sleeping          |     2 |     3 ||     5
 Armour: Skin              |     5 |     2 ||     7
  Dodge: Dodged            |    43 |    12 ||    55

Table legend: (Time is in decaauts)
 A = Elapsed time spent in this place.
 B = Non-inter-level travel time spent in this place.
 C = Inter-level travel time spent in this place.
 D = Time resting spent in this place.
 E = Time spent auto-exploring this place.
 F = Levels seen in this place.
 G = Mean time per level.
                   A        B        C        D        E       F      G
               +--------+--------+--------+--------+--------+-----+--------+
         Total |   1871 |   1775 |     96 |    238 |   1222 |   4 |  467.8 |
       Dungeon |   1871 |   1775 |     96 |    238 |   1222 |   4 |  467.8 |
               +--------+--------+--------+--------+--------+-----+--------+

Top non-repeatable levels by time:
     D:2: 882 daAuts
     D:1: 734 daAuts
     D:3: 144 daAuts
     D:6: 111 daAuts
